 Dungeon Crawl Stone Soup version 0.27-a0-419-g7a85846853 (webtiles) character file.

Game seed: 2412755773663266258

84 Chiseanne the Skirmisher (level 4, 36/37 HPs)
             Began as a Demonspawn Wanderer on Feb 26, 2021.
             Quit the game on level 2 of the Dungeon.
             The game lasted 00:01:28 (1316 turns).

Chiseanne the Skirmisher (Demonspawn Wanderer)      Turns: 1316, Time: 00:01:28

Health: 36/37      AC:  3    Str: 13    XL:     4   Next: 23%
Magic:  4/4        EV: 12    Int: 11    God:
Gold:   54         SH:  0    Dex: 15    Spells: 3/3 levels left

rFire    . . .     SeeInvis .   a - +2 quarterstaff
rCold    . . .     Faith    .   (shield currently unavailable)
rNeg     . . .     Spirit   .   d - +0 robe
rPois    .         Reflect  .   (helmet restricted)
rElec    .         Harm     .   l - scarf {+Inv}
rCorr    .         Rampage  .   c - +0 pair of gloves
Will     .....                  (no boots)
Stlth    ++........             (no amulet)
HPRegen  0.12/turn              (no ring)
MPRegen  0.09/turn              (no ring)

@: no status effects
A: antennae 1, sturdy frame 1
a: Evoke Invisibility


You were on level 2 of the Dungeon.
You visited 1 branch of the dungeon, and saw 2 of its levels.

You collected 54 gold pieces.

Inventory:

Hand Weapons
 a - a +2 quarterstaff (weapon)
 b - a +0 spear
 e - a +0 dagger
Missiles
 m - 23 stones (quivered)
 n - 11 arrows
Armour
 c - a +0 pair of gloves (worn)
 d - a +0 robe (worn)
 l - a scarf of invisibility (worn)
Scrolls
 f - a scroll of fog {unknown}
 g - a scroll of blinking {unknown}
 h - a scroll of enchant armour {unknown}
 i - 2 scrolls of magic mapping {unknown}
 o - 2 scrolls of fear {unknown}
 p - a scroll of identify {unknown}
 r - a scroll of teleportation {unknown}
Potions
 j - a potion of attraction {unknown}
 k - a potion of haste {unknown}
 q - a potion of ambrosia {unknown}


   Skills:
 * Level 3.9 Fighting
 - Level 1.0(1.5) Polearms
 - Level 1.7(1.9) Staves
 * Level 2.0 Dodging
 - Level 2.6 Stealth
 * Level 2.1 Evocations


You had 3 spell levels left.
You didn't know any spells.
Your spell library was empty.

Dungeon Overview and Level Annotations

Branches:
Dungeon (2/15)

Altars:


Innate Abilities, Weirdness & Mutations

You have a pair of small antennae on your head.
Your movements are slightly less encumbered by armour. (ER -2)


Message History

No item to drop.
No item to drop.
You feel yourself speed up.
You climb downwards.
Level annotation: Natasha Natasha barely misses you.
Natasha howls an incantation.
You feel disoriented. Natasha claws you.
There is a stone staircase leading up here.
You barely miss Natasha. Natasha barely misses you.
You hit Natasha.
Natasha is moderately wounded.
Natasha stares at you and mumbles some strange words.
You resist with significant effort.
You sock Natasha!
Natasha is almost dead.
Natasha closely misses you.
You barely miss Natasha.
Natasha is almost dead.
Natasha claws you.
You thump Natasha!
You kill Natasha!
Natasha growls in agony!
Natasha, Servant of Life and Death comes into view.
There is a stone staircase leading up, spattered with blood here.
Natasha is nearby!
You closely miss Natasha. Natasha misses you.
You hit Natasha.
Natasha is heavily wounded.
Natasha barely misses you. Natasha misses you.
You thump Natasha!
You kill Natasha!
Natasha screams in pain as she dies!
Your Dodging skill increases to level 2!
Your Evocations skill increases to level 2!
You have reached level 4!
You feel agile.
Your demonic ancestry asserts itself...
A pair of antennae grows on your head!
Are you sure you want to abandon this character and quit the game? (Confirm with "yes".)

#######
###.#.....##############
#.......................
.#.#.#@#.###........#
#.#.# #........# #.#.#
#........# ..#.#
#........# ..#.#####.#
#........# ...h.....h#
#........# #.#.#######
#........# #........#
#........###


There were no monsters in sight!

Vanquished Creatures
  Natasha (twice) (D:2)
  A gnoll (D:1)
  An adder (D:2)
  A worm (D:2)
  A dart slug (D:2)
  A ball python (D:2)
  A bat (D:1)
  2 goblins (D:1)
  2 hobgoblins (D:1)
  3 kobolds (D:1)
  A rat (D:1)
16 creatures vanquished.

Notes
Turn   | Place    | Note
-------+----------+-------------------------------------------
     0 | D:1      | Chiseanne the Demonspawn Wanderer began the quest for the
                  | Orb.
     0 | D:1      | Chiseanne set off with the following items: a +2
                  | quarterstaff, a +0 spear, a potion of lignification, a +0
                  | robe, a +0 dagger
     0 | D:1      | Reached XP level 1. HP: 18/18 MP: 1/1
   141 | D:1      | Reached skill level 1 in Dodging
   141 | D:1      | Gained mutation: Your movements are slightly less
                  | encumbered by armour. (ER -2) [demonic ancestry]
   141 | D:1      | Reached XP level 2. HP: 18/24 MP: 2/2
   921 | D:2      | Reached XP level 3. HP: 19/29 MP: 3/3
  1211 | D:2      | Noticed Natasha
  1275 | D:2      | Killed Natasha
  1307 | D:2      | Noticed Natasha
  1315 | D:2      | Killed Natasha
  1316 | D:2      | Gained mutation: You have a pair of small antennae on your
                  | head. [demonic ancestry]
  1316 | D:2      | Reached XP level 4. HP: 36/37 MP: 4/4
  1316 | D:2      | Quit the game

Illustrated notes

Levels and vault maps discovered:
D:1:      ncdulo_smallfort, layout_loops_ring
D:2:      layout_basic, serial_bayou_pond_d, uniq_natasha, uniq_jessica

Skill      XL: |  1  2  3 |
---------------+----------+-----
Dodging        | 1 2 |  2.0
Evocations     | 2 |  2.1
Fighting       | |  3.9
Polearms       | |  1.0
Staves         | |  1.7
Stealth        | |  2.6

Action                   |  1- 3 |  4- 6 || total
-------------------------+-------+-------++-------
Melee: Quarterstaff      |    53 |       ||    53
  Use: Potion            |     1 |       ||     1
 Stab: Sleeping          |     4 |       ||     4
Armor: Skin              |     5 |       ||     5
       Robe              |     3 |       ||     3
Dodge: Dodged            |    37 |       ||    37

Table legend: (Time is in decaauts)
 A = Elapsed time spent in this place.
 B = Non-inter-level travel time spent in this place.
 C = Inter-level travel time spent in this place.
 D = Time resting spent in this place.
 E = Time spent auto-exploring this place.
 F = Levels seen in this place.
 G = Mean time per level.
                   A        B        C        D        E       F      G
               +--------+--------+--------+--------+--------+-----+--------+
         Total |   1341 |   1326 |     15 |    328 |    814 |   2 |  670.5 |
       Dungeon |   1341 |   1326 |     15 |    328 |    814 |   2 |  670.5 |
               +--------+--------+--------+--------+--------+-----+--------+

Top non-repeatable levels by time:
     D:1: 876 daAuts
     D:2: 464 daAuts
